 Dungeon Crawl Stone Soup version 0.28.0-49-g6dfe1f597d (webtiles) character file.

Game seed: 17131632069755737782

3099 Zeld the Caller (level 9, -7/44 HPs)
             Began as a Vine Stalker Summoner on May 15, 2022.
             Was an Initiate of Gozag.
             Mangled by a red ugly thing (18 damage)
             ... on level 7 of the Dungeon.
             The game lasted 00:15:44 (10364 turns).

Zeld the Caller (Vine Stalker Summoner)            Turns: 10364, Time: 00:15:45

Health: -7/44      AC:  8    Str: 16    XL:     9   Next: 90%
Magic:  0/18       EV: 13    Int: 15    God:    Gozag
Gold:   383        SH:  0    Dex: 14    Spells: 9/19 levels left

rFire   . . .      SeeInvis .   f - +4 dagger "Jesathrey" {vorpal, rPois rN+ Will+}
rCold   . . .      Faith    .   (no shield)
rNeg    + . .      Spirit   +   a - +0 robe
rPois   +          Reflect  .   (no helmet)
rElec   .          Harm     .   x - +0 cloak
rCorr   .          Rampage  +   l - +4 pair of gloves "Geanneja" {Rampage}
Will    ++...                   (no boots)
Stlth   +++.......              y - amulet of regeneration
HPRegen 1.74/turn               (no ring)
MPRegen 0.16/turn               (no ring)

@: no status effects
A: fangs 3, regeneration 1, magic shield, antimagic bite, no potion heal 2
a: Renounce Religion, Potion Petition, Call Merchant, Bribe Branch


You were on level 7 of the Dungeon.
You worshipped Gozag.
Gozag was aware of your devotion.
You visited 2 branches of the dungeon, and saw 9 of its levels.

You collected 537 gold pieces.
You paid 154 gold pieces to Gozag.

Inventory:

Hand Weapons
 f - the +4 dagger "Jesathrey" (weapon) {vorpal, rPois rN+ Will+}
   (You found it on level 2 of the Dungeon)

   It inflicts extra damage upon your enemies.
   rPois:     It protects you from poison.
   rN:        It protects you from negative energy.
   Will:      It increases your willpower.
Armour
 a - a +0 robe (worn)
 l - the +4 pair of gloves "Geanneja" (worn) {Rampage}
   (You found it on level 3 of the Dungeon)

   Rampage:   It bestows one free step when moving towards enemies.
 x - a +0 cloak (worn)
Jewellery
 m - a ring of protection from fire
 y - an amulet of regeneration (around neck)
Scrolls
 b - a scroll of vulnerability {unknown}
 c - 2 scrolls of enchant armour {unknown}
 d - 2 scrolls of blinking {unknown}
 e - a scroll of brand weapon {unknown}
 g - 2 scrolls of teleportation {unknown}
 h - 2 scrolls of enchant weapon {unknown}
 i - 3 scrolls of identify {unknown}
 k - 2 scrolls of magic mapping {unknown}
 r - a scroll of summoning {unknown}
 t - a scroll of noise {unknown}
 v - 3 scrolls of immolation {unknown}
 A - a scroll of torment {unknown}
Potions
 j - a potion of brilliance {unknown}
 n - 2 potions of heal wounds {unknown}
 o - 3 potions of curing
 p - a potion of mutation {unknown}
 q - 3 potions of degeneration {unknown}
 s - 2 potions of flight {unknown}
 u - 3 potions of berserk rage {unknown}
 w - 3 potions of attraction {unknown}
 z - a potion of haste {unknown}


   Skills:
 + Level 3.2 Fighting
 * Level 4.4 Armour
 + Level 3.6 Dodging
 + Level 5.7 Stealth
 * Level 5.1 Unarmed Combat
 * Level 5.9 Spellcasting
 * Level 6.9 Summonings
 + Level 3.2 Air Magic


You had 9 spell levels left.
You knew the following spells:

 Your Spells              Type           Power      Damage    Failure   Level
a - Summon Small Mammal   Summ           100%       N/A       1%          1
b - Call Imp              Summ           25%        N/A       1%          2
c - Call Canine Familiar  Summ           25%        N/A       2%          3
d - Summon Lightning Spi  Summ/Air       19%        N/A       19%         4

Your spell library contained the following spells:

 Spells                   Type           Power      Damage    Failure   Level
 Summon Guardian Golem    Hex/Summ       14%        N/A       11%         3
 Magic Dart               Conj           16%        1d3       16%         1
 Searing Ray              Conj           8%         2d4       22%         2
 Animate Armour           Summ/Erth      28%        N/A       34%         4
 Conjure Flame            Conj/Fire      4%         6-21      41%         3
 Gell's Gravitas          Tloc           4%         N/A       41%         3
 Ignite Poison            Fire/Tmut/Pois 4%         N/A       41%         3
 Stone Arrow              Conj/Erth      8%         3d7       41%         3
 Teleport Other           Tloc           4%         N/A       41%         3
 Fulminant Prism          Conj/Hex       2%         3d6       83%         4
 Sticky Flame             Conj/Fire      4%         2d3       83%         4
 Iskenderun's Battlesphe  Conj           4%         2d6       99%         5
 Conjure Ball Lightning   Conj/Air       4%         3x3d6     100%        6
 Dispersal                Tloc           2%         N/A       100%        6
 Iron Shot                Conj/Erth      2%         9d2       100%        6
 Spellforged Servitor     Conj/Summ      7%         N/A       100%        7
 Discord                  Hex            2%         N/A       100%        8
 Disjunction              Tloc           2%         N/A       100%        8
 Lehudib's Crystal Spear  Conj/Erth      2%         10d2      100%        8


Dungeon Overview and Level Annotations

Branches:
Dungeon (8/15)             Temple (1/1) D:7
   Lair: D:8-11

Altars:
Ashenzari
Cheibriados
Dithmenos
Elyvilon
Fedhas
Gozag
Hepliaklqana
Makhleb
Nemelex Xobeh
Okawaru
Qazlal
Sif Muna
Trog
Uskayaw
Vehumet
Wu Jian
Xom
Yredelemnul
The Shining One
Lugonu

Shops:
D:7 [

Annotations:
D:6 3 runed translucent doors, nickcage's ghost, novice DsAK


Innate Abilities, Weirdness & Mutations

You have razor-sharp teeth.
Your natural rate of healing is unusually fast.
When hurt, damage is shared between your health and your magic reserves.
Your bite disrupts and absorbs the magic of your enemies.
Potions cannot restore your health.


Message History

A red ugly thing is nearby!
Okay, then.
You see here a +0 club.
The red ugly thing gurgles horribly!
Casting: Call Canine Familiar (dangerous; 2% risk of failure)
Confirm with . or Enter, or press ? or * to list all spells.
The spell is quite dangerous to miscast (19% risk of failure)!
Continue anyway?
An electric hum fills the air.
The red ugly thing kicks you.
You are engulfed in flames!
Casting: Summon Lightning Spire (quite dangerous; 19% risk of failure)
Confirm with . or Enter, or press ? or * to list all spells.
The red ugly thing kicks you but does no damage.
Unknown command.
You swap places.
Your hound bites the red ugly thing but does no damage.
The red ugly thing kicks your hound!
Your hound is engulfed in flames!!
Your hound dies!
Your hound's corpse disappears in a puff of smoke!
What are your orders? t - Shout!
Orders for allies: a - Attack new target. r - Retreat! s - Stop attacking. g - Guard the area. f - Follow me.
Anything else - Cancel.
Gang up on whom?
Press: ? - help, Dir - move target, f - red ugly thing
Aim: a red ugly thing (ally target) Attack!
Unknown command.
Casting: Call Canine Familiar (dangerous; 2% risk of failure)
Confirm with . or Enter, or press ? or * to list all spells.
A beastly little devil appears in a puff of frigid air.
The red ugly thing kicks you.
You are engulfed in flames!!
The red ugly thing misses you.
You hit the red ugly thing but do no damage.
The red ugly thing kicks you!
* * * LOW HITPOINT WARNING * * *
You are engulfed in flames!!
You die...
Your body crumbles into a pile of gold.

.######..###.# #.##.....# #.# ###
#.####...###.########.### # ###
#.# ##...#.............# ###.#
##.# ##.......#####.####
....####..## ##..#########.##
.......#...# ##.............##
###...(....#####............##.##
##..######......@u..#####..####..
#..# ##....###5[#?[(#..## #.#
#..# #...## #).#!:)#...###.# #..#
##...# ##5.#!"!#..#.##.# ##..#
#...## #...#####..##.###
#...######...# ##.8........###.#
.......>.....###...........###.#
..........)..##..####..[#####>##
#...####.....#...## #....###.##


You could see a red ugly thing (ally target) and a friendly white imp
(summoned).

Vanquished Creatures
  Grinder (D:5)
  An ice beast (D:6)
  A sky beast (D:5)
  A black bear (D:7)
  2 necrophages
  A centaur (D:8)
  An ogre (D:6)
  3 phantoms
  2 kobold brigands
  A bullfrog (D:8)
  2 scorpions (D:6)
  A water moccasin skeleton (D:5)
  5 howler monkeys
  An electric eel (D:6)
  A centaur zombie (D:7)
  3 bullfrog zombies
  A gnoll shaman (D:4)
  2 orc priests
  A jelly (D:4)
  A centaur skeleton (D:6)
  An orc wizard (D:5)
  6 iguanas
  2 hound skeletons (D:4)
  5 gnolls
  7 adders
  A shadow imp (D:5)
  3 white imps
  2 adder skeletons
  A worm (D:5)
  A dart slug (D:5)
  12 orcs
  A bat (D:3)
  4 endoplasms
  A giant cockroach (D:3)
  5 goblins
  4 hobgoblins
  A jackal (D:5)
  5 quokkas
  5 ball pythons
  6 frilled lizards
  9 kobolds
  3 rats
117 creatures vanquished.

Vanquished Creatures (collateral kills)
  A gargoyle (D:7)
  A sky beast (D:7)
  An orc warrior (D:6)
  An ogre (D:5)
  A centaur (D:6)
  An orc priest (D:7)
  An iguana (D:5)
  5 gnolls
  An adder (D:2)
  A ball python (D:2)
  2 endoplasms
  3 hobgoblins
  6 jackals (D:1)
  5 kobolds
  A rat (D:1)
31 creatures vanquished.

Vanquished Creatures (others)
  A plant (D:6)
1 creature vanquished.

Grand Total: 149 creatures vanquished

Notes
Turn   | Place    | Note
-------+----------+-------------------------------------------
     0 | D:1      | Zeld the Vine Stalker Summoner began the quest for the Orb.
     0 | D:1      | Reached XP level 1. HP: 9/9 MP: 4/4
   552 | D:1      | Reached XP level 2. HP: 13/13 MP: 4/6
   600 | D:1      | Learned a level 2 spell: Call Imp
  1606 | D:1      | Found a faded altar of an unknown god.
  2036 | D:2      | Reached XP level 3. HP: 7/16 MP: 3/7
  2040 | D:2      | Learned a level 3 spell: Call Canine Familiar
  2716 | D:2      | Identified the +4 dagger "Jesathrey" {vorpal, rPois rN+
                  | Will+}
  3138 | D:2      | Reached skill level 1 in Unarmed Combat
  3619 | D:3      | Reached skill level 1 in Armour
  3619 | D:3      | Gained mutation: Your natural rate of healing is unusually
                  | fast. [Vine Stalker growth]
  3619 | D:3      | Reached XP level 4. HP: 21/21 MP: 3/9
  3817 | D:3      | Identified the +4 pair of gloves "Geanneja" {Rampage}
  4007 | D:3      | Found a broken altar of Ashenzari.
  4235 | D:4      | Reached XP level 5. HP: 25/25 MP: 10/10
  4240 | D:4      | Learned a level 4 spell: Summon Lightning Spire
  4244 | D:4      | Noticed a phantom
  4570 | D:3      | Reached skill level 1 in Fighting
  4581 | D:4      | Reached XP level 6. HP: 28/30 MP: 11/11
  4683 | D:4      | Found an iron altar of Okawaru.
  5050 | D:5      | Entered Level 5 of the Dungeon
  5126 | D:5      | Reached XP level 7. HP: 33/33 MP: 13/13
  5127 | D:5      | Reached skill level 5 in Summonings
  5196 | D:5      | Reached skill level 1 in Air Magic
  5307 | D:5      | Noticed Grinder
  5396 | D:5      | Killed Grinder
  5536 | D:5      | Found a radiant altar of Vehumet.
  5645 | D:5      | Gained mutation: You have razor-sharp teeth. [Vine Stalker
                  | growth]
  5645 | D:5      | Reached XP level 8. HP: 38/39 MP: 13/15
  6461 | D:6      | Found a hide-covered altar of Uskayaw.
  6461 | D:6      | Noticed a +0 dagger
  6462 | D:6      | Noticed a +0 hand axe
  6537 | D:6      | Reached skill level 6 in Summonings
  6638 | D:6      | Found a runed translucent gate.
  6639 | D:6      | Found a shimmering altar of Xom.
  6639 | D:6      | Found a runed translucent gate.
  6639 | D:6      | Found a runed translucent gate.
  6746 | D:5      | Reached skill level 5 in Spellcasting
  6885 | D:5      | Reached XP level 9. HP: 42/43 MP: 15/17
  7082 | D:6      | Reached skill level 5 in Stealth
  7124 | D:6      | Noticed nickcage's ghost (novice DsAK)
  7361 | D:6      | Found a blossoming altar of Fedhas.
  7386 | D:6      | Found a glowing golden altar of the Shining One.
  7625 | D:7      | Found a basalt altar of Yredelemnul.
  7727 | D:7      | Found a stormy altar of Qazlal.
  8048 | D:7      | Found a staircase to the Ecumenical Temple.
  8067 | Temple   | Entered the Ecumenical Temple
  8101 | Temple   | Became a worshipper of Gozag Ym Sagoz the Greedy
  8213 | D:7      | Identified the +6 falchion of Qisunwa {antimagic, Drain
                  | rElec Stlth+}
  8497 | D:7      | Found Jeown's Armour Shoppe.
  8618 | D:7      | Noticed a brown ugly thing
  8618 | D:7      | Noticed a gargoyle
  9569 | D:7      | Noticed a death knight
  9641 | D:8      | Found a snail-covered altar of Cheibriados.
  9698 | D:8      | Noticed a two-headed ogre
  9933 | D:7      | Killed a gargoyle
  9934 | D:7      | Reached skill level 5 in Unarmed Combat
 10364 | D:7      | Mangled by a red ugly thing

Illustrated notes

Levels and vault maps discovered:
D:1:      kilobyte_arrival_exit_the_forest, layout_loops_corners,
          shapermc_ecumenical_altar_acropolis
D:2:      layout_basic
D:3:      kennysheep_six_static_rooms, layout_rooms, nicolae_ashenzari_skybound,
          minmay_misc_feat_chi, minmay_bisected
D:4:      layout_cave_pools, kennysheep_mini, minmay_misc_feat_more_columns,
          chequers_serial_rivers_large_a, minmay_misc_feat_ornament
D:5:      layout_basic, mainiacjoe_overflow_24_doors, hangedman_minor_gate_pass,
          uniq_grinder
D:6:      layout_cave_pools, xom_confusion_cloud, mainiacjoe_overflow_two_lobes,
          dancing_weapons_uskayaw, gammafunk_ghost_split, minivault_14,
          serial_bayou_pond_a, corexii_leaking_fountain
D:7:      minmay_chambers_of_sixes, layout_layer_cave,
          mainiacjoe_overflow_paths, grunt_qazlal_clouds,
          minmay_temple_entry_mini_moons, serial_shops, nicolae_shop_trees,
          due_unseen_surprise
D:8:      layout_gridville, nicolae_overflow_crystal_walls,
          mainiacjoe_overflow_six_doors_small
Temple:   kb_corrupted_temple

Skill      XL: |  1  2  3  4  5  6  7  8  9 |
---------------+----------------------------+-----
Unarmed Combat | 1 2 3 4 5 |  5.1
Armour         | 1 2 3 4 |  4.4
Dodging        | 2 3 |  3.6
Stealth        | 3 4 5 |  5.7
Spellcasting   | 3 4 5 |  5.9
Fighting       | 1 2 3 |  3.2
Summonings     | 5 6 |  6.9
Air Magic      | 1 2 3 |  3.2

Action                   |  1- 3 |  4- 6 |  7- 9 || total
-------------------------+-------+-------+-------++-------
Melee: Unarmed           |    47 |       |       ||    47
       Bite              |    10 |    34 |    85 ||   129
       Punch             |     1 |     2 |    11 ||    14
       Dagger            |    14 |   136 |   290 ||   440
 Cast: Summon Small Mamm |    22 |       |     7 ||    29
       Call Imp          |    10 |     3 |    18 ||    31
       Call Canine Famil |       |       |    32 ||    32
       Summon Lightning  |       |       |     6 ||     6
 Stab: Sleeping          |     2 |     4 |    11 ||    17
       Distracted        |     1 |     2 |     2 ||     5
Armor: Robe              |    17 |    47 |    88 ||   152
Dodge: Dodged            |    58 |    68 |   209 ||   335
